 Dungeon Crawl Stone Soup version 0.21.0 (webtiles) character file.

68189 imganon the Severer (level 14, -4/110 HPs)
             Began as a Demonspawn Berserker on Jan 7, 2018.
             Was the Champion of Trog.
             Slain by a hell hog (13 damage)
             ... on level 1 of the Abyss.
             The game lasted 01:11:31 (26822 turns).

imganon the Severer (Demonspawn Berserker)         Turns: 26822, Time: 01:11:31

Health: -4/110     AC: 21    Str: 28    XL:     14   Next: 85%
Magic:  18/18      EV: 19    Int:  8    God:    Trog [******]
Gold:   1796       SH:  0    Dex: 18    Spells: 13/13 levels left

rFire    + . .     SeeInvis +   J - +4 executioner's axe (elec)
rCold    . . .     Gourm    +   (shield currently unavailable)
rNeg     + . .     Faith    .   h - +0 plate armour {rF+}
rPois    .         Spirit   .   a - +2 hat {SInv}
rElec    .         Reflect  .   u - +2 cloak {MR+}
rCorr    .         Harm     .   (no gloves)
MR       ++...                  (no boots)
Stlth    ..........             r - amulet of the gourmand
HPRegen  0.28/turn              B - +5 ring of evasion
MPRegen  0.16/turn              e - ring of positive energy

@: mighty, agile, about to teleport
A: talons 2, icy blue scales 1, powered by pain 2, [subdued magic 2]
a: Berserk, Trog's Hand, Brothers in Arms, Burn Spellbooks, Renounce Religion


You were on level 1 of the Abyss.
You worshipped Trog.
Trog was exalted by your worship.
You were very full.

You visited 2 branches of the dungeon, and saw 18 of its levels.
You visited the Abyss 1 time.
You also visited: Volcano.

You collected 1796 gold pieces.

Inventory:

Hand Weapons
 E - a +2 demon blade of flaming
 J - a +4 executioner's axe of electrocution (weapon)
Missiles
 g - 6 steel tomahawks (quivered)
Armour
 a - a +2 hat of see invisible (worn)
 h - a +0 plate armour of fire resistance (worn)
 u - a +2 cloak of magic resistance (worn)
Jewellery
 e - a ring of positive energy (right hand)
 o - an uncursed amulet of regeneration
 r - an amulet of the gourmand (around neck)
 t - a +4 ring of evasion
 y - an uncursed ring of flight
 B - a +5 ring of evasion (left hand)
 O - an uncursed ring of see invisible
Wands
 k - a wand of iceblast (34)
 n - a wand of polymorph (11)
 s - a wand of scattershot (7)
 v - a wand of acid (9)
 x - a wand of flame (21)
 D - a wand of enslavement (10)
 H - a wand of disintegration (9)
 L - a wand of random effects (36)
Scrolls
 b - a scroll of brand weapon
 d - 4 scrolls of summoning
 f - 3 scrolls of fear
 i - 2 scrolls of teleportation
 w - a scroll of magic mapping
 A - 5 scrolls of remove curse
 F - 4 scrolls of enchant weapon
 I - a scroll of identify
 K - a scroll of fog
 N - a scroll of silence
Potions
 l - a potion of berserk rage
 m - a potion of curing
 p - 4 potions of agility
 q - a potion of flight
 z - 3 potions of might
 C - a potion of resistance
 M - a potion of brilliance
Comestibles
 c - 18 rations


   Skills:
 - Level 10.0 Fighting
 + Level 7.4 Long Blades
 * Level 17.9 Axes
 + Level 9.1 Armour
 - Level 1.7 Dodging
 + Level 6.6 Evocations


You had 13 spell levels left.
You didn't know any spells.

Dungeon Overview and Level Annotations

Branches:
Dungeon (12/15)            Temple (0/1) D:5            Lair (6/6) D:9
  Swamp (0/4) Lair:3       Spider (0/4) Lair:4        Slime (0/5) Lair:5
    Orc (0/2) D:9

Altars:
Ashenzari
Cheibriados
Elyvilon
Fedhas
Gozag
Kikubaaqudgha
Makhleb
Okawaru
Vehumet
Wu Jian
Xom
Zin
The Shining One

Annotations:
D:12 Sonja
Lair:5 exclusion: oklob plant


Innate Abilities, Weirdness & Mutations

You have razor-sharp toenails.
You are partially covered in icy blue scales. (AC +2)
You sometimes gain power by taking damage.
[Your spells are easier to cast, but less powerful.]


Message History

The hell hog completely misses you.
The wretched star glows turbulently.
The orb of energy hits you!
* * * LOW HITPOINT WARNING * * *
The orb of energy explodes!
Unknown command.
Unknown command.
You feel better. The hell hog breathes fire at you.
The fireball explodes!
The fireball engulfs you! You resist.
* * * LOW HITPOINT WARNING * * *
The fireball engulfs the hell hog.
The hell hog resists.
The wretched star pulses with an eldritch light!
Your connection to magic feels subdued.
Your connection to magic feels more subdued.
You hear a bark!
Unknown command.
Unknown command.
You feel better. The hell hog bites you!
You die...

. ## # # #
.. # ### .##
#..## #..###
# . #
#...#.####.
####........
#.@#.#.
.##.#
#..##h#h...#
#.
.#.#...#.#
.* .#.....
... ## .
.....# ....
# #..#....#
. ...####.#
#... .


You could see a wretched star and a hell hog.

Vanquished Creatures
  Gastronok (D:10)
  2 entropy weavers (Lair:6)
  A red draconian (Volcano)
  Josephine (D:10)
  A rakshasa (Abyss:1)
  7 hydras
  An ice dragon (Lair:6)
  Erica (Lair:1)
  A catoblepas (Lair:5)
  A two-headed ogre (D:11)
  A queen ant (Lair:6)
  A hell hog (Abyss:1)
  2 death yaks (Lair:6)
  A salamander mystic (Volcano)
  A glowing orange brain (Abyss:1)
  A lindwurm (Lair:6)
  4 wolf spiders
  A deep elf mage (D:12)
  An ugly thing (D:11)
  8 elephants (Lair:4)
  4 salamanders (Volcano)
  A guardian serpent (Lair:6)
  A centaur zombie (D:11)
  A molten gargoyle (Volcano)
  9 black mambas
  Joseph (Lair:2)
  9 spiny frogs
  6 torpor snails
  A smoke demon (Abyss:1)
  A gargoyle (Volcano)
  A rime drake (Lair:1)
  6 komodo dragons
  3 tyrant leeches (Lair:6)
  2 polar bears (Lair:5)
  4 ancient zymes (Abyss:1)
  10 hornets
  A harpy skeleton (Abyss:1)
  6 blink frogs (Lair:4)
  7 raiju (Abyss:1)
  8 dream sheep (Lair:5)
  5 hippogriffs
  A flying skull (Abyss:1)
  5 redbacks
  A shadow (D:12)
  A vampire (D:10)
  5 wraiths
  2 basilisks
  A spriggan (D:7)
  26 yaks
  12 wyverns
  2 fire bats (Volcano)
  3 vampire mosquitoes (D:12)
  A hungry ghost (D:12)
  A large abomination (Abyss:1)
  6 swamp worms (Lair:3)
  17 soldier ants
  11 porcupines
  15 water moccasins
  9 orc warriors
  3 black bears
  2 ice beasts
  3 sky beasts
  A starcursed mass (Abyss:1)
  6 ogres
  3 necrophages
  3 phantoms
  6 centaurs
  13 wolves
  12 crocodiles
  2 big kobolds
  13 bullfrogs
  A gnoll sergeant (D:9)
  7 small abominations (Abyss:1)
  A water moccasin skeleton (D:5)
  3 scorpions
  8 killer bees (D:12)
  4 howler monkeys
  3 electric eels
  5 crimson imps
  4 lava snakes (Volcano)
  A quasit (Abyss:1)
  6 jellies
  3 centaur skeletons
  8 orc priests
  10 hounds
  20 orc wizards
  An iron imp (Abyss:1)
  Jessica (D:3)
  Ijyb (D:3)
  Natasha (thrice) (D:4)
  2 iguanas (D:9)
  20 worker ants
  3 worker ant zombies
  9 gnolls
  17 adders
  A white imp (Abyss:1)
  7 oozes
  3 worms
  2 dart slugs (D:1)
  3 leopard geckos
  60 orcs
  6 bats
  6 giant cockroaches
  6 goblins
  4 hobgoblins
  3 jackals (D:1)
  18 kobolds
  6 quokkas
  3 ball pythons
  9 frilled lizards
  2 leopard gecko skeletons (D:5)
  A quokka skeleton (D:7)
  A quokka zombie (D:7)
  9 rats
  5 plants
607 creatures vanquished.

Vanquished Creatures (collateral kills)
  A spiny frog (Lair:6)
  A komodo dragon (Lair:6)
  A tyrant leech (Lair:6)
  A redback (Lair:6)
  4 yaks (Lair:6)
  2 soldier ants (Lair:6)
  A big kobold (D:7)
  A crimson imp (D:7)
  An adder (D:7)
  6 kobolds (D:7)
19 creatures vanquished.

Vanquished Creatures (others)
  2 dream sheep (Lair:5)
  39 fungi
  65 plants
  5 starspawn tentacles (Abyss:1)
111 creatures vanquished.

Grand Total: 737 creatures vanquished

Notes
Turn   | Place    | Note
-------+----------+-------------------------------------------
     0 | D:1      | imganon the Demonspawn Berserker began the quest for the Orb.
     0 | D:1      | Reached XP level 1. HP: 18/18 MP: 1/1
   154 | D:1      | Reached skill level 3 in Axes
   428 | D:1      | Gained mutation: You sometimes gain a little power by taking damage. [demonic ancestry]
   428 | D:1      | Reached XP level 2. HP: 21/24 MP: 2/2
   905 | D:1      | Gained mutation: You sometimes gain power by taking damage. [demonic ancestry]
   905 | D:1      | Reached XP level 3. HP: 28/29 MP: 3/3
  1014 | D:1      | Reached skill level 4 in Axes
  1028 | D:1      | Reached ** piety under Trog
  1444 | D:2      | Reached XP level 4. HP: 26/35 MP: 4/4
  1733 | D:2      | Found a shimmering altar of Xom.
  1734 | D:2      | Found a shimmering altar of Xom.
  1734 | D:2      | Found a shimmering altar of Xom.
  1734 | D:2      | Found a shimmering altar of Xom.
  1734 | D:2      | Found a shimmering altar of Xom.
  1756 | D:2      | Found a shimmering altar of Xom.
  2227 | D:3      | Reached skill level 5 in Axes
  2232 | D:3      | Reached XP level 5. HP: 33/41 MP: 5/5
  2278 | D:3      | Noticed Jessica
  2287 | D:3      | Killed Jessica
  2343 | D:3      | Reached *** piety under Trog
  2410 | D:3      | Reached skill level 6 in Axes
  2455 | D:3      | Found an ornate altar of the Wu Jian Council.
  2594 | D:3      | Found an opulent altar of Gozag.
  2594 | D:3      | Found a burning altar of Makhleb.
  2738 | D:3      | Reached XP level 6. HP: 42/47 MP: 6/6
  2782 | D:3      | Noticed Ijyb
  2799 | D:3      | Killed Ijyb
  2932 | D:4      | Noticed an ice beast
  2946 | D:4      | Killed an ice beast
  2946 | D:4      | Reached skill level 7 in Axes
  3148 | D:4      | Gained mutation: You have sharp toenails. [demonic ancestry]
  3148 | D:4      | Reached XP level 7. HP: 44/52 MP: 7/7
  3346 | D:4      | Reached skill level 8 in Axes
  3491 | D:4      | Noticed Natasha
  3500 | D:4      | Killed Natasha
  3517 | D:4      | Reached **** piety under Trog
  3553 | D:4      | Found a blossoming altar of Fedhas.
  3633 | D:4      | Noticed Natasha
  3637 | D:4      | Killed Natasha
  3844 | D:4      | Noticed Natasha
  3851 | D:4      | Killed Natasha
  3873 | D:5      | Entered Level 5 of the Dungeon
  3884 | D:5      | Found a staircase to the Ecumenical Temple.
  3965 | D:5      | Reached skill level 9 in Axes
  3965 | D:5      | Reached XP level 8. HP: 36/58 MP: 8/8
  4134 | D:5      | Reached skill level 10 in Axes
  4812 | D:6      | Found a snail-covered altar of Cheibriados.
  4936 | D:6      | Reached skill level 11 in Axes
  4983 | D:6      | Found a glowing golden altar of the Shining One.
  4985 | D:6      | Reached XP level 9. HP: 63/63 MP: 9/9
  4987 | D:6      | Found a white marble altar of Elyvilon.
  4987 | D:6      | Found a glowing silver altar of Zin.
  5953 | D:7      | Reached ***** piety under Trog
  6245 | D:7      | Reached skill level 12 in Axes
  6395 | D:7      | Found an iron altar of Okawaru.
  6725 | D:7      | Found an ancient bone altar of Kikubaaqudgha.
  7485 | D:9      | Reached skill level 13 in Axes
  7513 | D:9      | Gained mutation: You are partially covered in icy blue scales. (AC +2) [demonic ancestry]
  7513 | D:9      | Reached XP level 10. HP: 39/69 MP: 10/10
  7515 | D:9      | Received a gift from Trog
  7689 | D:9      | Found a staircase to the Lair.
  7954 | D:9      | Found a staircase to the Orcish Mines.
  8134 | D:9      | Found a radiant altar of Vehumet.
  8261 | D:10     | Entered Level 10 of the Dungeon
  8523 | D:10     | Reached skill level 14 in Axes
  8791 | D:10     | Noticed Josephine
  8800 | D:10     | Killed Josephine
  8800 | D:10     | Received a gift from Trog
  9044 | D:10     | Noticed Gastronok
  9091 | D:10     | Found a shattered altar of Ashenzari.
  9117 | D:10     | Killed Gastronok
  9117 | D:10     | Reached skill level 15 in Axes
  9117 | D:10     | Gained mutation: You have razor-sharp toenails. [demonic ancestry]
  9117 | D:10     | Reached XP level 11. HP: 74/74 MP: 11/11
  9915 | D:11     | Noticed a white ugly thing
  9927 | D:11     | Killed a white ugly thing
  9966 | D:11     | Reached skill level 16 in Axes
 10003 | D:11     | Reached ****** piety under Trog
 10023 | D:11     | Noticed a two-headed ogre
 10036 | D:11     | Killed a two-headed ogre
 10482 | D:12     | Received a gift from Trog
 10641 | D:12     | Noticed Sonja
 10813 | Lair:1   | Entered Level 1 of the Lair of Beasts
 10815 | Lair:1   | Noticed Joseph
 11054 | Lair:1   | Found a dark tunnel.
 11060 | Volcano  | Entered a volcano
 12024 | Volcano  | Found a burning altar of Makhleb.
 12024 | Volcano  | Noticed a salamander mystic
 12038 | Volcano  | Killed a salamander mystic
 12038 | Volcano  | Reached skill level 17 in Axes
 12038 | Volcano  | Reached XP level 12. HP: 80/80 MP: 12/12
 12234 | Volcano  | Noticed a red draconian
 12246 | Volcano  | Killed a red draconian
 12706 | Lair:1   | Noticed Erica
 12714 | Lair:1   | Killed Erica
 12714 | Lair:1   | Reached skill level 5 in Fighting
 13158 | Lair:1   | Paralysed by a hornet for 1 turns
 13519 | Lair:1   | Reached skill level 5 in Armour
 13767 | Lair:2   | Noticed a four-headed hydra
 14356 | Lair:2   | Killed Joseph
 14533 | Lair:2   | Noticed a four-headed hydra
 14544 | Lair:2   | Killed a one-headed hydra
 14544 | Lair:2   | Reached skill level 1 in Long Blades
 14560 | Lair:2   | Killed a one-headed hydra
 14747 | Lair:2   | Noticed a five-headed hydra
 14756 | Lair:2   | Killed a one-headed hydra
 15834 | Lair:3   | Found a staircase to the Swamp.
 16285 | Lair:4   | Found a hole to the Spider Nest.
 16367 | Lair:4   | Received a gift from Trog
 16372 | Lair:4   | Reached XP level 13. HP: 96/96 MP: 13/13
 16486 | Lair:4   | Reached skill level 1 in Evocations
 17938 | Lair:5   | Found a staircase to the Slime Pits.
 18142 | Lair:4   | Received a gift from Trog
 18378 | Lair:4   | Reached skill level 5 in Long Blades
 20123 | Lair:6   | Entered Level 6 of the Lair of Beasts
 21394 | Lair:6   | Reached XP level 14. HP: 92/106 MP: 17/17
 21570 | Lair:6   | Paralysed by a hornet for 1 turns
 22135 | Lair:6   | Reached skill level 5 in Evocations
 23321 | Lair:6   | Noticed an entropy weaver
 23346 | Lair:6   | Killed an entropy weaver
 23346 | Lair:6   | Received a gift from Trog
 23369 | Lair:6   | Noticed an entropy weaver
 23552 | Lair:6   | Killed an entropy weaver
 23714 | Lair:6   | Found a runed door.
 25551 | D:12     | Cast into level 1 of the Abyss (Sonja)
 25579 | Abyss:1  | Noticed a brown very ugly thing
 25754 | Abyss:1  | Noticed a daeva
 25783 | Abyss:1  | Found a corrupted altar of Lugonu.
 25784 | Abyss:1  | Found a corrupted altar of Lugonu.
 25902 | Abyss:1  | Noticed a tentacled starspawn
 26087 | Abyss:1  | Reached skill level 10 in Fighting
 26113 | Abyss:1  | Noticed a tentacled starspawn
 26122 | Abyss:1  | Noticed a bone dragon
 26218 | Abyss:1  | Noticed a lich
 26219 | Abyss:1  | Noticed a starcursed mass
 26480 | Abyss:1  | Noticed a starcursed mass
 26627 | Abyss:1  | Found a corrupted altar of Lugonu.
 26654 | Abyss:1  | Found a corrupted altar of Lugonu.
 26820 | Abyss:1  | HP: 1/110 [wretched star/orb of energy (16)]
 26822 | Abyss:1  | Slain by a hell hog

Skill      XL: |  1  2  3  4  5  6  7  8  9 10 11 12 13 14 |
---------------+-------------------------------------------+-----
Axes           | 3 4 5 6 7 9 11 13 15 17 | 17.9
Armour         | 6 7 9 |  9.1
Fighting       | 7 8 10 | 10.0
Long Blades    | 4 6 7 |  7.4
Evocations     | 4 6 |  6.6
Dodging        | |  1.7

Action                   |  1- 3 |  4- 6 |  7- 9 | 10-12 | 13-15 || total
-------------------------+-------+-------+-------+-------+-------++-------
Melee: Hand axe          |   118 |   219 |    61 |       |       ||   398
       Kick              |       |       |   110 |   225 |   175 ||   510
       War axe           |       |       |   314 |   209 |       ||   523
       Battleaxe         |       |       |       |   364 |       ||   364
       Demon blade       |       |       |       |   111 |    35 ||   146
       Executioner's axe |       |       |       |       |   536 ||   536
Invok: Berserk           |     2 |     5 |     2 |    12 |    10 ||    31
       Brothers in Arms  |       |       |     1 |       |     3 ||     4
       Burn Spellbooks   |       |       |     1 |       |     1 ||     2
Evoke: Wand              |       |       |     3 |     3 |    12 ||    18
  Use: Scroll            |       |       |    13 |     7 |    14 ||    34
       Potion            |       |       |     2 |     2 |    16 ||    20
  Eat: Chunk             |     3 |    10 |    14 |    45 |    25 ||    97
       Ration            |       |       |     1 |     4 |     7 ||    12
Armor: Animal skin       |     3 |       |       |       |       ||     3
       Ring mail         |    22 |    81 |   104 |     6 |       ||   213
       Plate armour      |       |       |       |   271 |   440 ||   711
Dodge: Dodged            |    78 |   128 |   214 |   468 |   496 ||  1384
       Rpst.: Demon blade |       |       |       |    39 |     4 ||    43
